 Dungeon Crawl Stone Soup version 0.31.0-32-g396128a36d (webtiles) character file.

Game seed: 10993494007390854302

27090 Gabide the Slicer (level 13, -15/121 HPs)
             Began as a Naga Alchemist on Apr 20, 2024.
             Was an Elder of Vehumet.
             Killed from afar by an oklob plant (20 damage)
             ... with a splash of acid
             ... on level 4 of the Lair of Beasts.
             The game lasted 01:01:41 (15042 turns).

Gabide the Slicer (Naga Alchemist)                 Turns: 15042, Time: 01:01:41

Health: -15/121    AC: -1    Str:  6    XL:     13   Next: 30%
Magic:  24/24      EV: 12    Int: 16    God:    Vehumet [****..]
Gold:   574        SH:  0    Dex: 23    Spells: 10/27 levels left

rFire   + . .        b - +5 dagger (elec)
rCold   + + +        (no shield)
rNeg    . . .        F - +0 robe {Will+}
rPois   +            i - +2 helmet
rElec   .            c - +0 cloak
rCorr   .            (no gloves)
SInv    +            k - +1 barding "Nolus" {+Blink rF+ rC++ Str-4}
Will    ++...        C - amulet of magic regeneration
Stlth   +++++        m - ring of the Platytaur {Wiz rC+ Slay+4}
HPRegen 0.40/turn    s - +6 ring of dexterity
MPRegen 0.59/turn

%: wizardry (x1)
@: corroded, very slow
A: AC +4, large, see invisible, deformed body, poison resistance, slowness 2,
spit poison 1, naga tail 2
a: Spit Poison, Renounce Religion, Evoke Blink


You were on level 4 of the Lair of Beasts.
You worshipped Vehumet.
Vehumet was greatly pleased with you.
You visited 3 branches of the dungeon, and saw 14 of its levels.
You also visited: Ossuary.

You collected 574 gold pieces.

Inventory:

Hand Weapons
 b - a +5 dagger of electrocution (weapon)
Missiles
 E - a curare-tipped dart
Armour
 c - a +0 cloak (worn)
 i - a +2 helmet (worn)
 k - the +1 barding "Nolus" (worn) {+Blink rF+ rC++ Str-4}
   (You acquired it on level 4 of the Dungeon)

   Str-4:     It affects your strength (-4).
   rF+:       It protects you from fire.
   rC++:      It greatly protects you from cold.
   +Blink:    It lets you blink.
 o - an orb of mayhem
 y - a +0 buckler
 F - a +0 robe of willpower (worn)
 G - +0 steam dragon scales
 H - a scarf of resistance
 N - a +1 leather armour of willpower
Magical Staves
 a - a staff of alchemy
Jewellery
 m - the ring of the Platytaur (left hand) {Wiz rC+ Slay+4}
   (You found it on level 2 of the Dungeon)

   [ring of wizardry]

   Wiz:       It improves your spell success rate.
   Slay+4:    It affects your accuracy & damage with ranged weapons and melee
   (+4).
   rC+:       It protects you from cold.
 n - a ring of protection from cold
 s - a +6 ring of dexterity (right hand)
 C - an amulet of magic regeneration (around neck)
 K - a +6 ring of strength
Wands
 r - a wand of light (12)
 x - a wand of paralysis (15)
 I - a wand of polymorph (5)
 L - a wand of flame (11)
Scrolls
 d - 3 scrolls of fog
 l - a scroll of amnesia
 p - 5 scrolls of fear
 q - a scroll of poison
 u - 3 scrolls of summoning
 v - a scroll of silence
 D - 3 scrolls of teleportation
Potions
 e - 2 potions of magic
 f - 2 potions of curing
 g - 5 potions of heal wounds
 h - 2 potions of berserk rage
 j - a potion of might
 t - 3 potions of mutation
 w - 3 potions of enlightenment
 z - 2 potions of haste
 A - 2 potions of lignification {unknown}
 B - 3 potions of attraction
 J - 2 potions of brilliance {unknown}
Miscellaneous
 M - a sack of spiders


   Skills:
 - Level 9.0 Fighting
 - Level 12.0 Short Blades
 - Level 6.0 Dodging
 - Level 12.0 Stealth
 + Level 7.8 Spellcasting
 - Level 6.0 Conjurations
 + Level 10.9 Alchemy


You had 10 spell levels left.
You knew the following spells:

 Your Spells              Type           Power      Damage    Failure   Level
a - Sticky Flame          Fire/Alch      23%        2d6       1%          4
b - Mephitic Cloud        Conj/Alch/Air  24%        N/A       1%          3
c - Mercury Vapours       Alch/Air       46%        N/A       1%          2
d - Olgreb's Toxic Radia  Alch           41%        N/A       1%          4
e - Brom's Barrelling Bo  Conj/Erth      15%        2d4       3%          4

Your spell library contained the following spells:

 Spells                   Type           Power      Damage    Failure   Level
 Dazzling Flash           Conj/Hex       30%        N/A       1%          3
 Sting                    Conj/Alch      100%       1d9       1%          1
 Fireball                 Conj/Fire      7%         3d5       10%         5
 Lee's Rapid Deconstruct  Erth           3%         3d5*      28%         5
 Animate Armour           Summ/Erth      12%        N/A       41%         4
 Cause Fear               Hex            3%         N/A       41%         4
 Summon Lightning Spire   Summ/Air       6%         N/A       41%         4
 Chain Lightning          Conj/Air       7%         3d10      99%         9
 Fire Storm               Conj/Fire      7%         8d2       99%         9
 Shatter                  Erth           3%         3d7*      99%         9
 Dragon's Call            Summ           3%         N/A       100%        9


Dungeon Overview and Level Annotations

Branches:
Dungeon (9/15)             Temple (1/1) D:7            Lair (4/5) D:9
  Swamp (0/4) Lair:2        Snake (0/4) Lair:3      Ossuary (visited)
  Slime: Lair:4-5       Orc: D:9-12

Altars:
Ashenzari
Cheibriados
Elyvilon
Fedhas
Gozag
Hepliaklqana
Kikubaaqudgha
Makhleb
Nemelex Xobeh
Okawaru
Qazlal
Ru
Sif Muna
Trog
Uskayaw
Vehumet
Wu Jian
Xom
Yredelemnul
Zin
The Shining One

Annotations:
Lair:4 exclusion: 3 oklob plants


Innate Abilities, Weirdness & Mutations

Your serpentine skin is tough. (AC +4)
You have supernaturally acute eyesight. (SInv)
Armour fits poorly on your strangely shaped body.
Your system is resistant to poisons. (rPois)
You cover ground very slowly.
You can spit poison.
You can use your snake-like lower body to constrict enemies.


Message History

The splash of acid hits you!! The acid corrodes you!
Aiming: Paralyse
Press: ? - help, Shift-Dir - straight line, f/p - oklob plant
Aim: an oklob plant (paralysed, chance to affect: 31%)
The oklob plant easily resists.
Press: ? - help, v - describe, . - travel
Here: an oklob plant (paralysed)
The floor.
Unknown command.
Aiming: Paralyse
Press: ? - help, Shift-Dir - straight line, f - oklob plant, p - oklob plant
Aim: an oklob plant (chance to affect: 31%)
The oklob plant easily resists.
The oklob plant spits acid at you. The splash of acid hits you!!
The acid corrodes you!
Unknown command.
Aiming: Paralyse
Press: ? - help, Shift-Dir - straight line, f/p - oklob plant
Aim: an oklob plant (chance to affect: 31%)
The oklob plant easily resists.
Unknown command.
Aiming: Paralyse
Press: ? - help, Shift-Dir - straight line, f/p - oklob plant
Aim: an oklob plant (chance to affect: 31%)
The oklob plant easily resists.
The oklob plant spits acid at you. The splash of acid hits you.
The oklob plant spits acid at you. The splash of acid hits you!
The acid corrodes you!
The oklob plant is no longer paralysed.
The oklob plant spits acid at you. The splash of acid hits you!
* * * LOW HITPOINT WARNING * * *
The acid corrodes you! The oklob plant spits acid at you.
The splash of acid hits you!!
* * * LOW HITPOINT WARNING * * *
The oklob plant spits acid at you. The splash of acid hits you!!
You die...

#...<......## ##..).......
##.........########...........
####...........##P##..#..........
..P#...........##................
....#............P...............
.......................#.........
........#######..##...##.........
........#######'####### .......
........##P≈~...@.~~P# ......
........##P~.......~P# ...
.........#P~.......~P#
.........#P~.......~P#
#........#P~.......~P#
###......#P~≈.....~~P#
###...######...##### #..÷.# #>>>#
##÷÷÷#########


You could see 3 oklob plants.

Vanquished Creatures
  An eleionoma (Lair:2)
  A catoblepas (Lair:1)
  3 black mambas
  12 elephants
  A guardian serpent (Lair:3)
  11 cane toads
  Maggie (D:6)
  Jeremiah (D:6)
  A rime drake (Lair:3)
  5 komodo dragons
  3 polar bears (Lair:1)
  A troll (D:9)
  A hornet (D:7)
  9 blink frogs
  6 dream sheep (Lair:4)
  2 slime creatures (D:7)
  2 wyverns
  The ghost of RobertB the Sneak, an amateur VSSu (D:5)
  26 yaks
  2 basilisks
  2 steam dragons
  19 water moccasins
  3 orc warriors
  A sky beast (D:7)
  2 ice beasts
  4 black bears
  An ogre (D:5)
  A centaur (D:8)
  3 elf zombies (Ossuary)
  2 phantoms
  2 kobold brigands (D:8)
  A gnoll sergeant (D:6)
  13 bullfrogs
  7 wights
  10 killer bees (D:9)
  2 howler monkeys
  4 hounds
  A centaur zombie (Ossuary)
  3 jellies
  A bombardier beetle (D:3)
  3 human zombies (Ossuary)
  4 orc priests
  A sleepcap (D:6)
  Jessica (D:3)
  5 orc wizards
  5 iguanas
  5 hound zombies (Ossuary)
  2 mummies (Ossuary)
  3 gnolls (D:6)
  13 adders
  2 ufetubi (D:6)
  4 adder zombies (Ossuary)
  4 dart slugs
  A ribbon worm (D:2)
  20 orcs
  12 ball pythons
  4 bats
  9 endoplasms
  A giant cockroach (D:1)
  8 gnoll zombies (Ossuary)
  7 goblins
  7 hobgoblins
  8 kobolds
  2 quokkas
  A frilled lizard (D:2)
  7 jackal zombies (Ossuary)
  2 kobold zombies (Ossuary)
  4 orc zombies (Ossuary)
  9 rats
326 creatures vanquished.

Vanquished Creatures (others)
  A boulder (Lair:4)
1 creature vanquished.

Grand Total: 327 creatures vanquished

Notes
Turn   | Place    | Note
-------+----------+-------------------------------------------
     0 | D:1      | Gabide the Naga Alchemist began the quest for the Orb.
     0 | D:1      | Reached XP level 1. HP: 15/15 MP: 3/3
   227 | D:1      | Reached XP level 2. HP: 22/22 MP: 1/5
   952 | D:1      | Reached XP level 3. HP: 30/30 MP: 4/6
  1173 | D:1      | Found a faded altar of an unknown god.
  1585 | D:2      | Reached skill level 1 in Fighting
  1585 | D:2      | Reached XP level 4. HP: 38/38 MP: 0/7
  2254 | D:2      | Identified the ring of the Platytaur {Wiz rC+ Slay+4}
  2544 | D:3      | Found a basalt altar of Yredelemnul.
  2640 | D:3      | Reached XP level 5. HP: 44/44 MP: 2/9
  2988 | D:3      | Found a blossoming altar of Fedhas.
  3056 | D:3      | Reached skill level 1 in Short Blades
  3184 | D:3      | Noticed Jessica
  3186 | D:3      | Killed Jessica
  3187 | D:3      | Reached skill level 5 in Alchemy
  3187 | D:3      | Reached XP level 6. HP: 45/51 MP: 10/10
  3405 | D:4      | Learned a level 3 spell: Mephitic Cloud
  3584 | D:4      | Learned a level 2 spell: Mercury Vapours
  3589 | D:4      | Learned a level 4 spell: Olgreb's Toxic Radiance
  3723 | D:4      | Found a burning altar of Makhleb.
  4151 | D:4      | Found a snail-covered altar of Cheibriados.
  4469 | D:4      | Identified a scroll of acquirement
  4471 | D:4      | Acquired the +1 barding "Nolus" {+Blink rF+ rC++ Str-4}
  4517 | D:5      | Entered Level 5 of the Dungeon
  4580 | D:5      | Found a runed translucent door.
  4745 | D:5      | Noticed RobertB's ghost (amateur VSSu)
  4765 | D:5      | Killed RobertB's ghost
  4766 | D:5      | Reached XP level 7. HP: 48/60 MP: 10/12
  4899 | D:5      | Reached skill level 5 in Stealth
  4902 | D:5      | Found a sand-covered staircase.
  4909 | Ossuary  | Entered an ossuary
  5429 | Ossuary  | Reached XP level 8. HP: 66/68 MP: 14/14
  6590 | D:6      | Found a hazy altar of Hepliaklqana.
  6591 | D:6      | Found a shimmering blue altar of Sif Muna.
  6627 | D:6      | Found a glowing golden altar of the Shining One.
  6627 | D:6      | Found a white marble altar of Elyvilon.
  6627 | D:6      | Found a glowing silver altar of Zin.
  6649 | D:6      | Reached skill level 5 in Spellcasting
  6663 | D:6      | Reached XP level 9. HP: 59/76 MP: 1/16
  6676 | D:6      | Noticed Jeremiah
  6716 | D:6      | Found a radiant altar of Vehumet.
  6764 | D:6      | Killed Jeremiah
  6765 | D:6      | Reached skill level 5 in Short Blades
  6935 | D:6      | Found a bloodstained altar of Trog.
  6936 | D:6      | Found a broken altar of Ashenzari.
  6943 | D:6      | Found an ornate altar of the Wu Jian Council.
  6947 | D:6      | Found a stormy altar of Qazlal.
  6955 | D:6      | Noticed a +0 falchion
  6956 | D:6      | Noticed a +0 short sword
  6965 | D:6      | Found a hide-covered altar of Uskayaw.
  6965 | D:6      | Noticed a +0 dagger
  6970 | D:6      | Noticed a +0 falchion
  6970 | D:6      | Noticed a +0 short sword
  6970 | D:6      | Noticed a +0 spear
  6971 | D:6      | Noticed a +0 dagger
  7055 | D:6      | Became a worshipper of Vehumet
  7061 | D:6      | Learned a level 4 spell: Sticky Flame
  7084 | D:6      | Noticed Maggie
  7095 | D:6      | Killed Maggie
  7185 | D:6      | Noticed a +0 spear
  8088 | D:7      | Killed a large slime creature
  8089 | D:7      | Reached XP level 10. HP: 59/87 MP: 5/19
  8415 | D:7      | Found a staircase to the Ecumenical Temple.
  8544 | Temple   | Entered the Ecumenical Temple
  8696 | D:8      | Reached skill level 5 in Fighting
  8921 | D:8      | Acquired a staff of alchemy
  9799 | D:9      | Reached * piety under Vehumet
  9799 | D:9      | Offered knowledge of Kiss of Death by Vehumet.
 10020 | D:9      | Found a staircase to the Lair.
 10577 | Lair:1   | Entered Level 1 of the Lair of Beasts
 10577 | Lair:1   | Noticed a cane toad
 10577 | Lair:1   | Noticed a cane toad
 10577 | Lair:1   | Noticed a cane toad
 10578 | Lair:1   | Noticed a catoblepas
 10582 | Lair:1   | Killed a cane toad
 10583 | Lair:1   | Reached skill level 10 in Short Blades
 10583 | Lair:1   | Reached XP level 11. HP: 97/97 MP: 20/20
 10605 | Lair:1   | Killed a catoblepas
 10621 | Lair:1   | Offered knowledge of Static Discharge by Vehumet.
 10634 | Lair:1   | Reached ** piety under Vehumet
 11082 | Lair:1   | Reached skill level 10 in Stealth
 11471 | Lair:1   | Reached XP level 12. HP: 105/109 MP: 21/21
 11864 | Lair:2   | Offered knowledge of Inner Flame by Vehumet.
 12124 | Lair:2   | Reached skill level 5 in Dodging
 12496 | Lair:2   | Reached *** piety under Vehumet
 12556 | Lair:2   | Found a staircase to the Swamp.
 12556 | Lair:2   | Noticed an eleionoma
 12558 | Lair:2   | Killed an eleionoma
 13537 | Lair:3   | Offered knowledge of Brom's Barrelling Boulder by Vehumet.
 13543 | Lair:3   | Learned a level 4 spell: Brom's Barrelling Boulder
 13807 | Lair:3   | Found a staircase to the Snake Pit.
 14277 | Lair:4   | Reached skill level 10 in Alchemy
 14281 | Lair:4   | Gained mutation: You can use your snake-like lower body to
                  | constrict enemies. [Naga growth]
 14281 | Lair:4   | Reached XP level 13. HP: 72/121 MP: 4/23
 14282 | Lair:4   | Reached skill level 5 in Conjurations
 14290 | Lair:4   | Reached **** piety under Vehumet
 14604 | Lair:4   | Offered knowledge of Dazzling Flash by Vehumet.
 15042 | Lair:4   | HP: 5/121 [oklob plant/splash of acid (28)]
 15042 | Lair:4   | Killed from afar by an oklob plant

Illustrated notes

Levels and vault maps discovered:
D:1:      reono_arrival_mine, layout_basic,
          hellmonk_ecumenical_altar_pennies_from_heaven,
          nicolae_figureground_pulse
D:2:      layout_rooms
D:3:      layout_rooms, yredelemnul_altar_generic, lemuel_round_altar,
          uniq_jessica
D:4:      layout_layer_cave, mainiacjoe_overflow_alcove_1,
          makhleb_heckhound_becter
D:5:      layout_gridville, chequers_ossuary_entry_cave, gammafunk_ghost_grave
D:6:      layout_basic, good_gods_mini_temple, vehumet_crystals,
          nzn_hepliaklqana_mist_gate, nicolae_sif_muna_condensation,
          nicolae_uskayaw_en_pointe, nicolae_overflow_macrodata_refinement,
          uniq_maggie, uniq_jeremiah
D:7:      layout_basic, minmay_temple_entry_glassed_door
D:8:      layout_basic, kennysheep_generic_room_8
D:9:      layout_roguey, due_lair_maze_entry_diamond
Temple:   hellmonk_temple_two_chambers
Lair:1:   layout_chaotic_city, cheibrodos_lair_lostbears
Lair:2:   layout_gridlike, alex1729_swamp_entry_worm_eleionoma,
          minmay_hedge_maze, grunt_megastairs_1, serial_bayou_shore_b,
          infiniplex_staircase_pool_2
Lair:3:   layout_small_grid, minmay_snake_entry_spellcaster
Lair:4:   dpeg_oklob_gauntlet, layout_hall_layers, serial_bayou_pond_e

Skill      XL: |  1  2  3  4  5  6  7  8  9 10 11 12 13 |
---------------+----------------------------------------+-----
Alchemy        | 4 5 6 7 9 10 | 10.9
Fighting       | 1 2 3 4 6 7 9 |  9.0
Dodging        | 2 3 4 6 |  6.0
Stealth        | 4 5 6 8 9 10 12 | 12.0
Spellcasting   | 3 4 5 6 7 |  7.8
Short Blades   | 1 2 3 4 6 10 12 | 12.0
Conjurations   | 2 3 4 6 |  6.0

Action                     |  1- 3 |  4- 6 |  7- 9 | 10-12 | 13-15 || total
---------------------------+-------+-------+-------+-------+-------++-------
  Melee: Unarmed           |     5 |       |       |       |       ||     5
         Short sword       |       |    12 |   290 |       |       ||   302
         Dagger            |       |    61 |    76 |   181 |     9 ||   327
         Punch             |       |     1 |     3 |     2 |       ||     6
         Staff             |       |       |       |    14 |    10 ||    24
         Constrict         |       |       |       |       |     2 ||     2
   Cast: Sting             |    66 |    69 |       |       |       ||   135
         Mercury Vapours   |       |    13 |    29 |    15 |     2 ||    59
         Mephitic Cloud    |       |     3 |     9 |    29 |     4 ||    45
         Olgreb's Toxic Ra |       |     1 |    15 |    29 |     3 ||    48
         Sticky Flame      |       |       |     4 |    69 |    20 ||    93
         Brom's Barrelling |       |       |       |       |     2 ||     2
Ability: Spit Poison       |     8 |    16 |     5 |     9 |     1 ||    39
         Evoke Blink       |       |       |     1 |       |       ||     1
  Evoke: Wand              |       |       |     1 |       |     5 ||     6
    Use: Scroll            |     2 |    10 |     7 |    10 |     1 ||    30
         Potion            |       |       |       |     1 |       ||     1
   Stab: Sleeping          |       |     3 |     5 |    14 |     3 ||    25
         Confused          |       |     2 |     3 |     9 |     3 ||    17
         Paralysed         |       |       |     2 |       |       ||     2
         Invisible         |       |       |       |     2 |       ||     2
 Armour: Robe              |    18 |    64 |   242 |   245 |    42 ||   611
  Dodge: Dodged            |     9 |    57 |   173 |   129 |    27 ||   395
